 Dungeon Crawl Stone Soup version 0.23.0-33-g5e6c059 (webtiles) character file.

Game seed: 5465708887309458022

66 Borgoz the Sneak (level 4, 0/35 HPs)
             Began as a Ghoul Enchanter on Feb 26, 2019.
             Slain by a bat (1 damage)
             ... on level 1 of the Dungeon.
             The game lasted 00:04:07 (1335 turns).

Borgoz the Sneak (Ghoul Enchanter)                  Turns: 1335, Time: 00:04:08

Health: 0/35       AC:  2    Str: 11    XL:     4   Next: 15%
Magic:  6/6        EV: 16    Int: 10    God:
Gold:   33         SH:  0    Dex: 10    Spells: 4/7 levels left

rFire    . . .     SeeInvis .     - Unarmed
rCold    + . .     Gourm    .   (no shield)
rNeg     + + +     Faith    .   b - +0 robe
rPois    ∞         Spirit   .   (no helmet)
rElec    .         Reflect  .   (no cloak)
rCorr    .         Harm     .   (no gloves)
MR       .....                  (no boots)
Stlth    ++........             (no amulet)
HPRegen  0.00/turn              c - +4 ring of evasion
MPRegen  0.10/turn              (no ring)

@: rotting
A: rotting body, claws 1, carnivore, cold resistance 1, negative energy
resistance 3, inhibited regeneration, torment resistance, unbreathing
a: no special abilities


You were on level 1 of the Dungeon.
You were not hungry.

You visited 1 branch of the dungeon, and saw 2 of its levels.

You collected 33 gold pieces.

Inventory:

Armour
 b - a +0 robe (worn)
Jewellery
 c - a +4 ring of evasion (left claw)
Scrolls
 a - a scroll of fear {unknown}
 e - a scroll of random uselessness {unknown}
 g - 2 scrolls of magic mapping {unknown}
Potions
 i - 3 potions of cancellation
Comestibles
 d - 3 rations


   Skills:
 + Level 1.4 Fighting
   Level 0.8 Short Blades
 + Level 2.2 Dodging
 + Level 3.8 Stealth
 + Level 1.2 Unarmed Combat
 + Level 2.1 Spellcasting
 + Level 2.7 Hexes


You had 4 spell levels left.
You knew the following spells:

 Your Spells              Type           Power        Failure   Level  Hunger
a - Corona                Hex            #......      10%         1    ##.....
b - Ensorcelled Hibernat  Hex/Ice        #.....       26%         2    ###....

Your spell library contained the following spells:

 Spells                   Type           Power        Failure   Level  Hunger
 Confuse                  Hex            #.......     30%         3    ####...
 Tukima's Dance           Hex            #.......     30%         3    ####...
 Dazzling Spray           Conj/Hex       #.....       47%         3    ####...


Dungeon Overview and Level Annotations

Branches:
Dungeon (2/15)

Altars:


Innate Abilities, Weirdness & Mutations

Your body is rotting away.
You thrive on raw meat.
You are immune to poison.
You have sharp fingernails.
You are carnivorous and can eat meat at any time.
Your flesh is cold resistant. (rC+)
You are immune to negative energy. (rN+++)
You do not regenerate when monsters are visible.
You are immune to unholy pain and torment.
You can survive without breathing.


Message History

The bat barely misses you. The frilled lizard barely misses you.
The kobold completely misses you.
You climb upwards.
There is a stone staircase leading down here.
You scratch the kobold.
You kill the kobold!
The bat misses you. The bat completely misses you.
The frilled lizard closely misses you. The bat misses you.
The frilled lizard closely misses you. The bat completely misses you.
Things that are here:
4 stones; a kobold corpse The bat closely misses you.
There is an open door here.
You closely miss the bat. The bat misses you.
You closely miss the frilled lizard. The frilled lizard misses you.
You scratch the frilled lizard.
You kill the frilled lizard!
The bat hits you but does no damage. The bat hits you.
You die...

#.##.# #.##.# #....#
#....# ####.# ######
####'### #......#
#####..[...# #########
#..........# #........
#..........# #.#######
#......#@### #.# #...
#......#b########.# #.##
#......#>.........# #.#.
#......#.#############.#.
#......#.# #....##..)
########.#######.##.####.
#.....#..(...# #.
#####.#.#.#######.
#.#.#.........


You could see a bat.

Vanquished Creatures
  An ooze (D:1)
  2 worms (D:2)
  5 dart slugs
  3 leopard geckos (D:1)
  3 giant cockroaches
  9 goblins
  2 hobgoblins
  8 kobolds
  2 bats (D:1)
  5 frilled lizards (D:1)
  3 rats
43 creatures vanquished.

Notes
Turn   | Place    | Note
-------+----------+-------------------------------------------
     0 | D:1      | Borgoz the Ghoul Enchanter began the quest for the Orb.
     0 | D:1      | Reached XP level 1. HP: 14/14 MP: 2/2
    82 | D:1      | Reached XP level 2. HP: 9/22 MP: 3/3
   558 | D:1      | Reached XP level 3. HP: 12/27 MP: 3/5
   561 | D:1      | Reached skill level 1 in Fighting
   713 | D:1      | Reached skill level 1 in Unarmed Combat
   822 | D:1      | Learned a level 2 spell: Ensorcelled Hibernation
  1168 | D:2      | Reached XP level 4. HP: 35/35 MP: 6/6
  1327 | D:2      | HP: 1/35 [bat (1)]
  1335 | D:1      | Slain by a bat

Skill      XL: |  1  2  3 |
---------------+----------+-----
Dodging        | 2 |  2.2
Spellcasting   | 2 |  2.1
Fighting       | 1 |  1.4
Unarmed Combat | 1 |  1.2
Short Blades   | |  0.8
Stealth        | |  3.8
Hexes          | |  2.7

Action                   |  1- 3 |  4- 6 || total
-------------------------+-------+-------++-------
Melee: Unarmed           |   178 |    42 ||   220
       Punch             |     1 |       ||     1
 Cast: Corona            |    10 |     2 ||    12
       Ensorcelled Hiber |       |     1 ||     1
  Use: Scroll            |     5 |     1 ||     6
 Stab: Sleeping          |     9 |       ||     9
  Eat: Chunk             |    16 |     2 ||    18
Armor: Robe              |    24 |     8 ||    32
Dodge: Dodged            |   103 |    45 ||   148
